Map: Ephemeron LE

Players

Has

  • Race: Protoss Protoss
  • Spawn Location: 5:00

Stats - Winner!

  • Race: Protoss Protoss
  • Spawn Location: 11:00

Event: IEM Katowice 2020

VOD

Have the link to the VOD?

Description

Time

  • Played on: Feb. 27, 2020, 6:29 a.m.
  • Length: 7:26

All games in this series

Show
View Real Time Build Order
Export as new Build Order

Has Protoss 

Build Orders: Phoenix Opening 

Get SALT Encoding   

  12  0:00  Probe  
  13  0:13  Probe  
  14  0:18  Pylon  
  14  0:25  Probe  
  15  0:36  Gateway  
  15  0:37  Probe (Chrono Boost)  
  16  0:44  Assimilator  
  16  0:47  Probe (Chrono Boost)  
  17  0:51  Assimilator  
  17  0:54  Probe  
  18  1:06  Probe (Chrono Boost)  
  18  1:08  Gateway  
  19  1:18  Probe (Chrono Boost)  
  20  1:23  Cybernetics Core  
  20  1:25  Probe (Chrono Boost)  
  21  1:31  Pylon  
  21  1:33  Probe  
  22  1:46  Probe  
  23  1:59  Warp Gate  
  25  2:05  Pylon, Sentry, Stalker  
  25  2:06  Probe  
  28  2:19  Probe  
  28  2:20  Pylon  
  29  2:38  Stalker, Shield Battery  
  30  2:44  Stargate  
  30  3:10  Nexus  
  35  3:27  Probe  
  35  3:29  Phoenix (Chrono Boost)  
  37  3:39  Probe  
  37  3:41  Robotics Facility  
  34  3:45  Phoenix (Chrono Boost)  
  36  3:51  Probe  
  37  4:03  Probe  
  37  4:04  Phoenix (Chrono Boost)  
  40  4:15  Probe  
  41  4:19  Twilight Council  
  41  4:23  Adept x2  
  45  4:29  Probe  
  47  4:43  Immortal (Chrono Boost)  
  50  4:45  Probe  
  50  4:47  Probe  
  48  5:01  Resonating Glaives  
  48  5:03  Probe x2  
  50  5:12  Gateway x2  
  50  5:19  Immortal (Chrono Boost)  
  54  5:26  Gateway  
  54  5:31  Pylon  
  54  5:33  Pylon  
  56  5:50  Adept x2, Warp Prism (Chrono Boost)  
  56  5:52  Pylon  
  60  6:04  Pylon  
  60  6:07  Adept x2  
  60  6:10  Adept  
  60  6:11  Adept  
  68  6:22  Adept  
  70  6:31  Pylon  
  70  6:37  Adept x4  
  76  6:58  Adept x5  
Show
View Real Time Build Order
Export as new Build Order

Stats Protoss - Winner!

Build Orders: Phoenix Opening 

Get SALT Encoding   

  12  0:00  Probe  
  13  0:12  Probe  
  14  0:17  Pylon  
  14  0:25  Probe (Chrono Boost)  
  15  0:36  Gateway  
  15  0:37  Probe (Chrono Boost)  
  16  0:45  Probe (Chrono Boost)  
  16  0:47  Assimilator  
  17  0:51  Probe  
  17  0:54  Assimilator  
  18  1:03  Probe (Chrono Boost)  
  19  1:07  Gateway  
  19  1:14  Probe (Chrono Boost)  
  20  1:19  Probe (Chrono Boost)  
  20  1:23  Cybernetics Core  
  21  1:29  Probe  
  22  1:34  Pylon  
  22  1:41  Probe  
  23  1:53  Probe  
  24  1:57  Warp Gate (Chrono Boost)  
  24  1:59  Stalker  
  24  2:00  Stalker  
  28  2:06  Probe  
  29  2:12  Pylon  
  29  2:32  Sentry  
  29  2:34  Sentry  
  33  2:40  Nexus  
  33  2:43  Probe  
  34  2:51  Shield Battery  
  33  2:55  Probe  
  34  3:03  Sentry  
  36  3:05  Stalker  
  36  3:06  Phoenix  
  36  3:09  Pylon  
  38  3:18  Probe  
  39  3:23  Robotics Facility  
  39  3:34  Probe  
  40  3:44  Stalker x2  
  40  3:47  Probe (Chrono Boost)  
  45  3:52  Probe (Chrono Boost)  
  46  3:59  Probe (Chrono Boost)  
  46  4:00  Forge  
  47  4:04  Probe (Chrono Boost)  
  47  4:08  Probe (Chrono Boost)  
  49  4:10  Probe (Chrono Boost), Phoenix  
  49  4:11  Observer  
  49  4:13  Probe  
  52  4:17  Stalker  
  52  4:19  Probe  
  55  4:25  Probe  
  55  4:26  Pylon  
  55  4:31  Probe  
  57  4:33  Protoss Ground Weapons Level 1  
  57  4:44  Probe x2  
  59  4:46  Assimilator  
  59  4:48  Assimilator  
  59  4:50  Adept x2  
  63  4:56  Probe (Chrono Boost)  
  63  4:57  Probe (Chrono Boost)  
  60  5:06  Twilight Council  
  59  5:08  Probe (Chrono Boost), Immortal  
  59  5:09  Probe (Chrono Boost)  
  65  5:14  Probe x2 (Chrono Boost)  
  67  5:22  Pylon  
  67  5:24  Probe x2  
  67  5:27  Gateway  
  69  5:30  Gateway  
  69  5:33  Phoenix  
  68  5:39  Probe x2  
  68  5:40  Resonating Glaives (Chrono Boost)  
  68  5:48  Pylon  
  68  5:51  Probe x2  
  68  5:54  Pylon  
  70  6:03  Gateway x2  
  70  6:05  Adept x2  
  74  6:13  Immortal (Chrono Boost)  
  78  6:25  Shield Battery  
  78  6:27  Shield Battery  
  78  6:30  Photon Cannon  
  78  6:35  Photon Cannon  
  78  6:36  Sentry x2  
  82  6:42  Adept x2  
  84  6:57  Adept x2  
  80  7:01  Adept x2  
  80  7:08  Gateway  
  78  7:12  Adept x2  
  81  7:19  Adept x2  

Tags
 
Add a new tag
Caveats
  • Supply blocks, unpowered buildings, or Contaminate may cause inaccurate times.
  • Supply counts are checked every 10 seconds.